 Dungeon Crawl Stone Soup version 0.24.1-14-gf8d2b509d9 (webtiles) character file.

Game seed: 525834686130517466, levelgen mode: deterministic

22 Hugehornet the Shield-Bearer (level 2, -2/19 HPs)
             Began as a Gargoyle Fighter on May 25, 2020.
             Slain by a gnoll (6 damage)
             ... on level 1 of the Dungeon.
             The game lasted 00:00:47 (831 turns).

Hugehornet the Shield-Bearer (Gargoyle Fighter)      Turns: 831, Time: 00:00:47

Health: -2/19      AC:  9    Str: 19    XL:     2   Next: 91%
Magic:  2/2        EV:  7    Int:  8    God:
Gold:   67         SH:  9    Dex:  9    Spells: 1/1 levels left

rFire    . . .     SeeInvis .   a - +0 war axe
rCold    . . .     Gourm    .   c - +0 shield
rNeg     + . .     Faith    .   b - +0 scale mail
rPois    ∞         Spirit   .   (no helmet)
rElec    +         Reflect  .   (no cloak)
rCorr    .         Harm     .   (no gloves)
MR       .....                  (no boots)
Stlth    ..........             (no amulet)
HPRegen  0.06/turn              (no ring)
MPRegen  0.08/turn              (no ring)

@: no status effects
A: negative energy resistance 1, electricity resistance, unbreathing,
petrification resistance, rot immunity, AC +2
a: no special abilities


You were on level 1 of the Dungeon.
You were not hungry.

You visited 1 branch of the dungeon, and saw 2 of its levels.

You collected 67 gold pieces.

Inventory:

Hand Weapons
 a - a +0 war axe (weapon)
Armour
 b - a +0 scale mail (worn)
 c - a +0 shield (worn)
Scrolls
 e - a scroll of magic mapping {unknown}
 g - 2 scrolls of identify {unknown}
Potions
 d - a potion of might
 h - 2 potions of brilliance {unknown}
Comestibles
 f - a ration


   Skills:
 - Level 3.2 Fighting
 + Level 3.0 Axes
 - Level 3.2 Armour
 - Level 3.2 Shields


You had one spell level left.
You didn't know any spells.
Your spell library was empty.

Dungeon Overview and Level Annotations

Branches:
Dungeon (2/15)

Altars:


Innate Abilities, Weirdness & Mutations

You are resistant to torment.
Your stone body is resilient. (AC +2)
You are immune to poison.
You resist negative energy. (rN+)
You are resistant to electric shocks. (rElec)
You can survive without breathing.
You are immune to petrification.
You are immune to rotting.


Message History

The gnoll hits you but does no damage.
You slash the gnoll!
The gnoll is almost dead.
You hit the gnoll but do no damage. You hit the gnoll.
The gnoll barely misses you. The gnoll hits you with a +0 spear.
The gnoll hits you with a +0 halberd.
* * * LOW HITPOINT WARNING * * *
You block the gnoll's attack. The gnoll closely misses you.
The gnoll hits you but does no damage.
There is a stone staircase leading up here.
You block the gnoll's attack. The gnoll hits you but does no damage.
You climb upwards.
There is a stone staircase leading down here.
Your shield and scale mail prevent you from hitting the gnoll.
The gnoll is lightly wounded.
The gnoll hits you but does no damage.
You slash the gnoll!
The gnoll is almost dead.
The gnoll hits you.
You die...

############## #.# ###.#.....
#.......# #.# #......... ####
#.......######.## #.######.. ...#
#.....>.##......###.#....... ##.#
#.......##......+.#.##.#....
#.###.......##......#.#.##.####.
#.#.........##........#.##......
##.#.......####......#.......##..
#..........'....@............+...
#..........###.g.............#...
...........# #...................
###......>.# #.................#.
......########...................
###.#.# #...........##.......
....#.# #...........###.#....
.#..#.# #.......##### #.#...#
.####.# ##.....## #......


You could see a gnoll.

Vanquished Creatures
  An ooze (D:1)
  A bat (D:1)
  2 giant cockroaches (D:1)
  2 goblins (D:1)
  2 hobgoblins (D:1)
  5 kobolds
  3 frilled lizards (D:1)
  A rat (D:1)
17 creatures vanquished.

Notes
Turn   | Place    | Note
-------+----------+-------------------------------------------
     0 | D:1      | Hugehornet the Gargoyle Fighter began the quest for the
                  | Orb.
     0 | D:1      | Reached XP level 1. HP: 14/14 MP: 1/1
   150 | D:1      | Reached XP level 2. HP: 19/19 MP: 2/2
   831 | D:1      | Slain by a gnoll

Levels and vault maps discovered:
D:1:      mainiacjoe_arrival_reflecting_pool, layout_basic
D:2:      layout_rooms, uniq_sigmund

Skill      XL: |  1  2 |
---------------+-------+-----
Axes           | 2 3 |  3.0
Fighting       | |  3.2
Armour         | |  3.2
Shields        | |  3.2

Action                   || total
-------------------------++-------
Melee: War axe           ||    82
Armor: Scale mail        ||    44
Dodge: Dodged            ||    29
Block: Shield            ||    48
